 Dungeon Crawl Stone Soup version 0.26.0-10-g1f06aea511 (webtiles) character file.

Game seed: 1842330509893625612

4796 Arum the Grappler (level 10, -3/91 HPs)
             Began as a Ghoul Gladiator on Jan 20, 2021.
             Was a Believer of Ru.
             Slain by an elephant (16 damage)
             ... on level 8 of the Dungeon.
             The game lasted 00:12:43 (7596 turns).

Arum the Grappler (Ghoul Gladiator)                 Turns: 7596, Time: 00:12:43

Health: -3/91      AC:  6    Str: 22    XL:     10   Next: 48%
Magic:  9/9        EV: 14    Int:  3    God:    Ru [**....]
Gold:   278        SH:  4    Dex: 10    Spells: 9/9 levels left

rFire    . . .     SeeInvis .     - Unarmed
rCold    + . .     Faith    .   n - +0 buckler
rNeg     + + +     Spirit   .   m - +0 ring mail
rPois    ∞         Reflect  .   b - +0 helmet
rElec    .         Harm     .   (no cloak)
rCorr    .         Rampage  .   (no gloves)
Will     +....                  (no boots)
Stlth    ..........             J - amulet of magic regeneration
HPRegen  0.00/turn              g - +4 ring of slaying
MPRegen  0.36/turn              s - ring of willpower

@: about to teleport
A: claws 1, cold resistance 1, negative energy resistance 3, inhibited
regeneration, torment resistance, unbreathing, hated by all, no fire magic, no
translocations magic, no transmutations magic
a: Renounce Religion


You were on level 8 of the Dungeon.
You worshipped Ru.
Ru was pleased with you.
You visited 1 branch of the dungeon, and saw 8 of its levels.
You also visited: Sewer and Ossuary.

You collected 440 gold pieces.
You spent 162 gold pieces at shops.

Inventory:

Missiles
 c - 3 throwing nets (quivered)
 t - 8 javelins
Armour
 b - a +0 helmet (worn)
 m - a +0 ring mail (worn)
 n - a +0 buckler (worn)
 u - a +0 tower shield of protection
Jewellery
 g - a +4 ring of slaying (left claw)
 p - a +6 ring of intelligence
 r - an uncursed ring of ice
 s - a ring of willpower (right claw)
 J - an amulet of magic regeneration (around neck)
Wands
 D - a wand of disintegration (17)
 G - a wand of polymorph (8)
Scrolls
 a - 4 scrolls of remove curse
 h - a scroll of enchant weapon {unknown}
 i - a scroll of amnesia {unknown}
 j - a scroll of immolation {unknown}
 k - 11 scrolls of identify
 l - 8 scrolls of teleportation
 o - 3 scrolls of fear {unknown}
 q - 2 scrolls of fog {unknown}
 w - a scroll of holy word {unknown}
 y - 4 scrolls of enchant armour {unknown}
 A - a scroll of noise
 B - 2 scrolls of random uselessness {unknown}
 F - a scroll of magic mapping
 K - a scroll of acquirement {unknown}
Potions
 d - 6 potions of mutation
 e - 3 potions of haste {unknown}
 f - 3 potions of attraction
 v - 3 potions of heal wounds {unknown}
 x - a potion of lignification {unknown}
 z - 2 potions of invisibility {unknown}
 C - 4 potions of flight {unknown}
 E - a potion of cancellation {unknown}
 H - a potion of degeneration {unknown}
 I - a potion of curing


   Skills:
 + Level 9.3 Fighting
 - Level 1.7 Throwing
 + Level 8.1 Dodging
 - Level 4.0 Shields
 + Level 9.7 Unarmed Combat


You had 9 spell levels left.
You didn't know any spells.
Your spell library contained the following spells:

 Spells                   Type           Power        Failure   Level
 Iskenderun's Battlesphe  Conj           0%           100%        5
 Iron Shot                Conj/Erth      0%           100%        6
 Orb of Destruction       Conj           0%           100%        7
 Beastly Appendage        Tmut           Unusable     N/A         1
 Wereblood                Tmut           Unusable     N/A         2
 Spider Form              Tmut/Pois      Unusable     N/A         3
 Ice Form                 Ice/Tmut       Unusable     N/A         4
 Blade Hands              Tmut           Unusable     N/A         5
 Bolt of Magma            Conj/Fire/Erth Unusable     N/A         5
 Spellforged Servitor     Conj/Summ      Unusable     N/A         7

Dungeon Overview and Level Annotations

Branches:
Dungeon (8/15)             Temple (0/1) D:6            Lair (0/6) D:8
  Sewer (visited)         Ossuary (visited)

Altars:
Cheibriados
Elyvilon
Gozag
Hepliaklqana
Ru
Sif Muna
Trog
Vehumet
Xom
Yredelemnul
Zin

Shops:
D:6 ?


Innate Abilities, Weirdness & Mutations

You thrive by killing the living.
You are immune to poison.
You have sharp fingernails.
Your flesh is cold resistant. (rC+)
You are immune to negative energy. (rN+++)
You do not regenerate when monsters are visible.
You are immune to unholy pain and torment.
You can survive without breathing.
You are hated by all.
You cannot study or cast Fire magic.
You cannot study or cast Translocations magic.
You cannot study or cast Transmutations magic.


Message History

You hold your ground!
The elephant trunk-slaps you.
* * * LOW HITPOINT WARNING * * *
Unknown command.
Unknown command.
Unknown command.
You redirect the basilisk's attack!
The basilisk gazes at you. You resist with almost no effort.
Evoke which item? (* to show all) (? for menu, Esc to quit)
Aiming: Disintegrate
Press: ? - help, Shift-Dir - straight line, f - elephant
Aim: an elephant (heavily wounded, chance to affect: 30%)
The elephant easily resists.
The elephant completely misses you.
The elephant trunk-slaps you but does no damage.
Okay, then.
As you read the scroll of teleportation, it crumbles to dust.
You feel strangely unstable.
The basilisk hisses menacingly.
The basilisk completely misses you. The elephant tramples you!
You die...

#.................##
##......)...........#
#...................##
#....................#
#...................##
#...................#
....................#
....................#
................@...#
................Yl###
...................## ..#
....................## ..#
.....................## #..####..
......................###....#...
...............(......†##......P.
.....................#..#........
.....................##.........


You could see an elephant and a basilisk.

Vanquished Creatures
  Harold (D:7)
  Pikel (D:7)
  Joseph (D:7)
  Prince Ribbit (D:5)
  A yak (D:8)
  Edmund (D:4)
  Duvessa (D:7)
  Purgy (Sewer)
  A black bear (D:8)
  An ice beast (D:7)
  2 sky beasts
  A necrophage (D:8)
  2 phantoms
  3 ogres
  2 centaurs
  A lemure (D:7)
  5 bullfrogs
  Dowan (D:7)
  3 water moccasin zombies (Ossuary)
  A wyvern skeleton (D:6)
  A scorpion (D:4)
  2 howler monkeys
  A centaur zombie (D:8)
  3 hounds
  2 quasits
  3 orc priests
  A bullfrog skeleton (D:4)
  A bullfrog zombie (D:7)
  3 centaur skeletons
  An iguana (D:7)
  2 orc wizards
  3 worker ants
  A big kobold zombie (Ossuary)
  3 mummies
  A gnoll (D:1)
  A howler monkey zombie (D:6)
  10 adders
  A shadow imp (D:5)
  A white imp (D:3)
  2 ufetubi
  2 oozes
  8 adder zombies
  2 adder skeletons
  A worm (D:5)
  A dart slug (D:3)
  4 leopard geckos
  23 orcs
  3 ball pythons
  7 giant cockroaches
  2 gnoll zombies (Ossuary)
  7 goblins
  5 hobgoblins
  6 jackals
  5 kobolds
  2 quokkas
  5 bats
  12 frilled lizards
  2 hobgoblin zombies (Ossuary)
  8 kobold zombies (Ossuary)
  2 leopard gecko skeletons (D:4)
  6 orc zombies (Ossuary)
  2 rats
189 creatures vanquished.

Vanquished Creatures (others)
  A hound (D:5)
1 creature vanquished.

Grand Total: 190 creatures vanquished

Notes
Turn   | Place    | Note
-------+----------+-------------------------------------------
     0 | D:1      | Arum the Ghoul Gladiator began the quest for the Orb.
     0 | D:1      | Reached XP level 1. HP: 17/17 MP: 0/0
   116 | D:1      | Reached XP level 2. HP: 25/25 MP: 1/1
   236 | D:1      | Reached XP level 3. HP: 23/30 MP: 2/2
  1531 | D:3      | Reached XP level 4. HP: 38/38 MP: 3/3
  1735 | D:3      | Found a hazy altar of Hepliaklqana.
  1891 | D:3      | Reached skill level 1 in Shields
  1891 | D:3      | Reached XP level 5. HP: 39/45 MP: 2/4
  2414 | D:4      | Noticed Edmund
  2434 | D:4      | Killed Edmund
  2435 | D:4      | Reached XP level 6. HP: 19/52 MP: 5/5
  2471 | D:4      | Noticed a phantom
  2511 | D:4      | Killed a phantom
  2512 | D:4      | Reached skill level 5 in Unarmed Combat
  2595 | D:4      | Found a sacrificial altar of Ru.
  2604 | D:4      | Became a worshipper of Ru the Awakened
  2665 | D:4      | Found a glowing drain.
  2719 | Sewer    | Entered a sewer
  2832 | Sewer    | Reached XP level 7. HP: 60/60 MP: 6/6
  2843 | Sewer    | Noticed Purgy
  2881 | Sewer    | Killed Purgy
  3212 | D:4      | You fall into a shaft and drop 3 floors!
  3214 | D:7      | Noticed Pikel
  3226 | D:7      | Noticed Duvessa
  3227 | D:7      | Noticed Dowan
  3275 | D:6      | Reached skill level 5 in Fighting
  3430 | D:6      | Found a sand-covered staircase.
  3443 | Ossuary  | Entered an ossuary
  3595 | Ossuary  | Reached XP level 8. HP: 53/68 MP: 7/7
  3728 | Ossuary  | Reached skill level 5 in Dodging
  4016 | D:6      | Found a shimmering altar of Xom.
  4058 | D:6      | Found a basalt altar of Yredelemnul.
  4085 | D:6      | Gained mutation: You are hated by all. [Ru sacrifice]
  4085 | D:6      | Reached * piety under Ru
  4197 | D:6      | Found a glowing silver altar of Zin.
  4205 | D:6      | Found a radiant altar of Vehumet.
  4216 | D:6      | Found a snail-covered altar of Cheibriados.
  4223 | D:6      | Found a bloodstained altar of Trog.
  4228 | D:6      | Found a white marble altar of Elyvilon.
  4235 | D:6      | Found an opulent altar of Gozag.
  4240 | D:6      | Found a shimmering blue altar of Sif Muna.
  4327 | D:6      | Found a staircase to the Ecumenical Temple.
  4372 | D:6      | Found a sparkling altar of Nemelex Xobeh.
  4374 | D:6      | Found a hazy altar of Hepliaklqana.
  4374 | D:6      | Found a white marble altar of Elyvilon.
  4407 | D:6      | Found a sacrificial altar of Ru.
  4407 | D:6      | Found a broken altar of Ashenzari.
  4407 | D:6      | Found a shimmering altar of Xom.
  4529 | D:6      | Found Afeahyc's Magic Scroll Shop.
  4537 | D:6      | Bought a scroll of noise for 12 gold pieces
  4537 | D:6      | Bought a scroll of teleportation for 36 gold pieces
  4537 | D:6      | Bought a scroll of summoning for 114 gold pieces
  4564 | D:5      | Entered Level 5 of the Dungeon
  4679 | D:5      | Found a snail-covered altar of Cheibriados.
  5079 | D:5      | Noticed Prince Ribbit
  5099 | D:5      | Killed Prince Ribbit
  5100 | D:5      | Reached XP level 9. HP: 63/78 MP: 8/8
  5892 | D:7      | Noticed Joseph
  5917 | D:7      | Killed Joseph
  6244 | D:7      | Killed Duvessa
  6246 | D:7      | Killed Dowan
  6697 | D:7      | Killed Pikel
  6771 | D:7      | Noticed Harold
  6792 | D:7      | Killed Harold
  6793 | D:7      | Reached XP level 10. HP: 67/90 MP: 9/9
  7016 | D:7      | Gained mutation: You cannot study or cast Fire magic. [Ru
                  | sacrifice]
  7016 | D:7      | Gained mutation: You cannot study or cast Transmutations
                  | magic. [Ru sacrifice]
  7016 | D:7      | Gained mutation: You cannot study or cast Translocations
                  | magic. [Ru sacrifice]
  7016 | D:7      | Reached ** piety under Ru
  7559 | D:8      | Found a staircase to the Lair.
  7559 | D:8      | Noticed an elephant
  7596 | D:8      | Slain by an elephant

Illustrated notes

Levels and vault maps discovered:
D:1:      mrwooster_arrival_statue, layout_loops_ring,
          hangedman_abyss_or_decor_lesser_grid
D:2:      layout_loops_ring, feat_on_display
D:3:      layout_loops_ring, lemuel_round_altar
D:4:      layout_loops_ring, nicolae_ru_path_of_blood, portal_sewer_entry_f,
          kennysheep_generic_room_10, uniq_edmund
D:5:      layout_basic, basic_altar, corexii_leaking_fountain,
          uniq_prince_ribbit1
D:6:      layout_basic, doesnt_xom_only_xom, kennysheep_little_box,
          grunt_temple_overflow_octagram, minmay_temple_entry_waves,
          basic_altar, serial_shops, nicolae_shop_waterfront,
          gup_ossuary_entry_pyramid
D:7:      layout_cave_pools, uniq_joseph, uniq_harold, uniq_pikel, uniq_duvessa
D:8:      layout_cave_pods, david_lair_generic

Skill      XL: |  1  2  3  4  5  6  7  8  9 10 |
---------------+-------------------------------+-----
Dodging        | 3 4 6 7 8 |  8.1
Fighting       | 3 4 5 6 8 9 |  9.3
Unarmed Combat | 4 5 7 9 |  9.7
Shields        | 1 2 3 4 |  4.0
Throwing       | |  1.7

Action                   |  1- 3 |  4- 6 |  7- 9 | 10-12 || total
-------------------------+-------+-------+-------+-------++-------
Melee: Unarmed           |    68 |   168 |   401 |    64 ||   701
Invok: Sacrifice Love    |       |       |     1 |       ||     1
       Sacrifice Arcana  |       |       |       |     1 ||     1
Evoke: Wand              |       |       |       |     1 ||     1
  Use: Scroll            |       |     2 |     3 |     1 ||     6
       Potion            |       |       |     6 |       ||     6
 Stab: Sleeping          |     1 |       |       |       ||     1
       Distracted        |       |       |     1 |       ||     1
Armor: Leather armour    |    11 |       |       |       ||    11
       Ring mail         |       |    50 |   110 |    14 ||   174
Dodge: Dodged            |    35 |    73 |   268 |    45 ||   421
Block: Buckler           |       |    19 |    70 |     7 ||    96
